 Dungeon Crawl Stone Soup version 0.20-a0-223-g066d66b (webtiles) character file.

755 tboon the Cleaver (level 7, -1/66 HPs)
             Began as a Minotaur Fighter on Nov 29, 2016.
             Slain by an orc warrior
             ... wielding a +0 trident
              (7 damage)
             ... on level 6 of the Dungeon.
             The game lasted 00:11:59 (3728 turns).

tboon the Cleaver (Minotaur Fighter)                Turns: 3728, Time: 00:12:00

Health: -1/66      AC: 12    Str: 21    XL:     7   Next: 49%
Magic:  6/6        EV:  3    Int:  6    God:
Gold:   178        SH:  9    Dex: 10    Spells: 6/6 levels left

rFire  . . .     SeeInvis .     a - +0 war axe
rCold  + . .     Gourm    .     u - +0 plate armour
rNeg   . . .     Faith    .     c - +0 shield
rPois  .         Spirit   .     (helmet restricted)
rElec  .         Reflect  .     (no cloak)
rCorr  .         Harm     .     s - +0 pair of gloves
MR     .....                    (no boots)
Stlth  ..........               (no amulet)
                                (no ring)
                                z - ring of protection from cold {rC+, !d}

@: drained
A: retaliatory headbutt, horns 2
a: no special abilities


You were on level 6 of the Dungeon.
You were not hungry.

You visited 1 branch of the dungeon, and saw 6 of its levels.

You collected 178 gold pieces.

Inventory:

Hand Weapons
 a - a +0 war axe (weapon)
 l - a +4 morningstar
   (You took it off a wight on level 6 of the Dungeon)
Armour
 c - a +0 shield (worn)
 s - a +0 pair of gloves (worn)
   (You found it on level 3 of the Dungeon)
 u - a +0 plate armour (worn)
   (You found it on level 3 of the Dungeon)
Jewellery
 z - a ring of protection from cold (left hand) {rC+, !d}
   (You found it on level 4 of the Dungeon)
Wands
 b - a wand of slowing (16/48)
   (You took it off Natasha on level 3 of the Dungeon)
 t - a wand of flame (24/48)
   (You found it on level 3 of the Dungeon)
Scrolls
 e - 2 scrolls of remove curse
 i - a scroll of identify
 n - a scroll of teleportation
 w - a scroll of fear {unknown}
 y - a scroll of recharging {unknown}
Potions
 d - a potion of haste {unknown}
 g - 2 potions of curing
 h - a potion of resistance
 k - 2 potions of magic
 m - a potion of flight {unknown}
 o - a potion of agility
 q - a potion of brilliance {unknown}
 r - 2 potions of invisibility
 x - 2 potions of cancellation {unknown}
Comestibles
 f - 4 bread rations
 j - 6 meat rations


   Skills:
 + Level 7.0(6.5) Fighting
 * Level 8.3(7.8) Axes
 - Level 3.6(3.1) Armour
 - Level 3.6(3.1) Shields


You had 6 spell levels left.
You didn't know any spells.

Dungeon Overview and Level Annotations

Branches:
Dungeon (6/15)
 Temple: D:4-7

Altars:
Qazlal
Ru
Sif Muna

Annotations:
D:5 ktulu8bugs's ghost, amateur OpEE


Innate Abilities, Weirdness & Mutations

You reflexively headbutt those who attack you in melee.
You have a pair of horns on your head.


Message History

an enchanted morningstar; a robe
l - an enchanted morningstar You start resting.
You are feeling very hungry.
You start eating one of the 5 bread rations.
You continue eating. x2
You finish eating.
That bread ration really hit the spot!
You start resting.
HP restored.
k - 2 potions of magic (gained 1)
Found a stone staircase leading down.
You see here 9 poisoned needles.
An adder and an orc come into view.
The orc shouts!
An orc warrior comes into view. It is wielding a trident.
The orc warrior shouts!
An orc comes into view.
An orc comes into view. It is wielding a hand axe.
The orc shouts! x2
You block the orc's attack. You block the adder's attack.
Your shield and plate armour prevent you from hitting the adder.
You headbutt the adder!
The adder is almost dead.
You hit the orc. You block the adder's attack. The orc completely misses you.
The orc warrior barely misses you. The adder bites you but does no damage.
An orc wizard comes into view. It is wielding a dagger.
You barely miss the adder.
The adder is almost dead.
You closely miss the orc.
The orc wizard shouts!
The orc barely misses you. You block the adder's attack.
The orc warrior hits you from afar with a trident!
The orc wizard gestures wildly while chanting.
The orc wizard flickers and vanishes!
Deactivating autopickup; reactivate with Ctrl-A.
An orc wizard comes into view. It is wielding a dagger.
Your shield and plate armour prevent you from hitting the adder.
The adder is almost dead.
The orc wizard shouts!
You hit the orc but do no damage. The adder bites you.
The orc barely misses you. You furiously retaliate!
You headbutt the orc.
You kill the orc!
The orc warrior hits you from afar with a trident!!
The adder bites you but does no damage.
You miss the adder.
You headbutt the adder, but do no damage.
The adder is almost dead.
You hit the orc. You block the adder's attack.
The orc hits you but does no damage.
The orc warrior hits you from afar with a trident!
An orc comes into view. It is wielding a flail.
The adder bites you.
You closely miss the orc. You headbutt the orc.
You kill the orc!
An orc comes into view. It is wielding a flail.
You hit the adder.
You kill the adder!
The orc moves out of view.
You block the orc warrior's attack.
You see here an adder corpse.
You hit the orc warrior but do no damage.
The orc warrior hits you but does no damage.
You barely miss the orc warrior.
Your shield prevents you from hitting something.
Something hits you but does no damage.
The orc warrior hits you but does no damage.
You hit the orc warrior.
The orc warrior is lightly wounded.
You closely miss something. Something hits you but does no damage.
You block the orc warrior's attack.
The orc wizard points at you and mumbles some strange words.
The puff of flame hits something.
You hit the orc warrior but do no damage.
The orc warrior is lightly wounded.
You miss something. Something hits you.
The orc warrior hits you with a trident.
* * * LOW HITPOINT WARNING * * *
Something hits you but does no damage.
You barely miss the orc warrior.
The orc warrior is lightly wounded.
You miss something.
You hear a distant blaring wail to the west.
The orc warrior hits you but does no damage.
You hear some strange, mumbled words.
A magic dart appears from out of thin air!
The magic dart hits you!
* * * LOW HITPOINT WARNING * * *
You closely miss the orc warrior.
The orc warrior is lightly wounded.
Your shield and plate armour prevent you from hitting something.
The orc warrior hits you with a trident.
* * * LOW HITPOINT WARNING * * *
You block something's attack.
The orc warrior hits you with a trident.
* * * LOW HITPOINT WARNING * * *
You slash the orc warrior! You headbutt the orc warrior!
The orc warrior is almost dead.
You closely miss something. Something hits you but does no damage.
The orc warrior hits you with a trident!
You die...

.. .. ... .. ##.####### #.
.#......oo# #.## ###
...#....#.# #... ..######
........#@# #..## #.#.....
.o......#o###...###.#.####
....o.)..o........#.#.##..
..>...{##.###...#........#
.........(###...#.....####
..........................
##...########(..#.....####
#... #..###...## #.. #..#
##.##


You could see an orc warrior, an orc wizard and 2 orcs.

Vanquished Creatures
  A phantom (D:4)
  An ogre (D:4)
  3 wights (D:6)
  A crimson imp (D:5)
  A centaur zombie (D:5)
  A hound (D:4)
  An orc priest (D:5)
  2 orc wizards (D:5)
  Natasha (thrice) (D:3)
  An iguana (D:4)
  A worker ant (D:5)
  Robin (D:2)
  6 adders
  5 worms
  2 dart slugs
  10 orcs
  A ball python (D:4)
  3 giant cockroaches
  7 goblins
  10 hobgoblins
  4 jackals (D:1)
  2 kobolds
  3 quokkas
  4 bats
  A frilled lizard (D:5)
  6 rats
81 creatures vanquished.

Notes
Turn   | Place    | Note
-------+----------+-------------------------------------------
     0 | D:1      | tboon the Minotaur Fighter began the quest for the Orb.
     0 | D:1      | Reached XP level 1. HP: 19/19 MP: 0/0
   376 | D:1      | Reached XP level 2. HP: 21/27 MP: 1/1
   377 | D:1      | Reached skill level 4 in Fighting
   377 | D:1      | Reached skill level 3 in Axes
   568 | D:2      | Noticed Robin
   581 | D:2      | Killed Robin
   581 | D:2      | Reached XP level 3. HP: 15/33 MP: 2/2
   589 | D:2      | HP: 8/34 [poisoned by an adder]
   592 | D:2      | HP: 3/34 [poisoned by an adder]
   595 | D:2      | Reached skill level 4 in Axes
  1332 | D:2      | Reached XP level 4. HP: 41/41 MP: 3/3
  1404 | D:3      | Found a sacrificial altar of Ru.
  1428 | D:3      | Noticed Natasha
  1445 | D:3      | Killed Natasha
  1542 | D:3      | Reached skill level 5 in Fighting
  1640 | D:3      | Noticed Natasha
  1646 | D:3      | Killed Natasha
  1646 | D:3      | Reached skill level 5 in Axes
  1671 | D:3      | Reached XP level 5. HP: 43/48 MP: 4/4
  1700 | D:3      | Noticed Natasha
  1719 | D:3      | Killed Natasha
  2094 | D:4      | Noticed a phantom
  2095 | D:4      | Noticed an ogre
  2106 | D:4      | Killed an ogre
  2106 | D:4      | Reached skill level 6 in Axes
  2106 | D:4      | Reached XP level 6. HP: 57/57 MP: 5/5
  2108 | D:4      | Reached skill level 6 in Fighting
  2573 | D:4      | Found a stormy altar of Qazlal.
  2594 | D:5      | Entered Level 5 of the Dungeon
  2670 | D:5      | Noticed ktulu8bugs's ghost (amateur OpEE)
  2906 | D:5      | Reached skill level 7 in Axes
  2967 | D:5      | Found a deep blue altar of Sif Muna.
  2976 | D:5      | Reached XP level 7. HP: 64/64 MP: 6/6
  3501 | D:6      | Reached skill level 8 in Axes
  3521 | D:6      | Reached skill level 7 in Fighting
  3725 | D:6      | HP: 16/66 [orc warrior/trident (5)]
  3727 | D:6      | HP: 6/66 [orc warrior/trident (3)]
  3728 | D:6      | Slain by an orc warrior

Vault maps used:
D:1:      minmay_arrival_arboretum_large, minmay_tree_intersection
D:2:      uniq_robin
D:3:      first_bread, hangedman_abyss_or_decor_lesser_grid, st_stairs_8,
          nicolae_ru_awakened_eye, uniq_natasha
D:4:      kennysheep_mini_moat, nrook_uturn, minmay_misc_feat_secret_circle,
          wad_floor_pattern_1
D:5:      led_sif_book
D:6:      nicolae_overflow_crystal_walls, basic_altar, uniq_crazy_yiuf_cottage

Skill      XL: |  1  2  3  4  5  6  7 |
---------------+----------------------+-----
Fighting       | 4 5 6 7 |  7.0
Axes           | 3 4 5 6 7 8 |  8.3
Armour         | |  3.6
Shields        | |  3.6

Action                   |  1- 3 |  4- 6 |  7- 9 || total
-------------------------+-------+-------+-------++-------
Melee: War axe           |    72 |   113 |    58 ||   243
       Headbutt          |    15 |    24 |    13 ||    52
Evoke: Wand              |       |     1 |     2 ||     3
  Use: Potion            |     1 |     1 |       ||     2
       Scroll            |       |     6 |     1 ||     7
  Eat: Chunk             |     1 |     6 |     1 ||     8
       Bread ration      |       |       |     1 ||     1
Armor: Scale mail        |    46 |    10 |       ||    56
       Plate armour      |       |    37 |    27 ||    64
Dodge: Dodged            |    27 |    18 |     7 ||    52
Block: Shield            |    43 |    39 |    24 ||   106

Vault maps used:
D:1:      minmay_arrival_arboretum_large, minmay_tree_intersection
D:2:      uniq_robin
D:3:      first_bread, hangedman_abyss_or_decor_lesser_grid, st_stairs_8,
          nicolae_ru_awakened_eye, uniq_natasha
D:4:      kennysheep_mini_moat, nrook_uturn, minmay_misc_feat_secret_circle,
          wad_floor_pattern_1
D:5:      led_sif_book
D:6:      nicolae_overflow_crystal_walls, basic_altar, uniq_crazy_yiuf_cottage

Table legend:
 A = Turns spent in this place as a percentage of turns spent in the entire game.
 B = Non-inter-level travel turns spent in this place as a percentage of non-inter-level travel turns spent in the entire game.
 C = Inter-level travel turns spent in this place as a percentage of turns spent in this place.
 D = Turns resting spent in this place as a percentage of non-inter-level travel turns spent in this place.
 E = Turns spent auto-exploring this place as a percentage of non-inter-level travel turns spent in this place.
 F = Non-inter-level travel turns spent in this place divided by the number of levels of this place that you've seen.
                   A       B       C       D       E      F
               +-------+-------+-------+-------+-------+----------------------
         Total | 100.0 | 100.0 |   0.7 |   2.0 |  15.1 | 119.3
       Dungeon | 100.0 | 100.0 |   0.7 |   2.0 |  15.1 | 119.3
               +-------+-------+-------+-------+-------+----------------------

Table legend:
 A = Kills in this place as a percentage of kills in entire the game.
 B = Kills by you in this place as a percentage of kills by you in the entire game.
 C = Kills by friends in this place as a percentage of kills by friends in the entire game.
 D = Other kills in this place as a percentage of other kills in the entire game.
 E = Experience gained in this place as a percentage of experience gained in the entire game.
 F = Experience gained in this place divided by the number of levels of this place that you have seen.
                   A       B       C       D       E      F
               +-------+-------+-------+-------+-------+----------------------
         Total | 100.0 | 100.0 |  -nan |  -nan | 100.0 | 179.8
       Dungeon | 100.0 | 100.0 |  -nan |  -nan | 100.0 | 179.8
               +-------+-------+-------+-------+-------+----------------------
